Unix NetHack Version 5.0.0-0 post-release - last build May 10 2026 23:12:36 (d1fa5d53e341ca933230fdaa984d921c805b60aa,branch:main).

Game began 2026-05-12 11:08:27, ended 2026-05-12 11:38:50.

Drastanta, chaotic male human Wizard

                                                       ----------------
                                       ################-..............|
     ------                    #########               |..........>...|
     |....|                    #              ##       |.......^......|
     |.<...####################################        -----------.----
     ------  ### ############### -----------.-#                   #
                      -------## #|*.........*|#                   #
                      |.....|### |.....*)....|#                   #
                      .......#   |...--.--...|#                   #####
                      |...f*|    |...|.{.|...|#               --------.--
                      |YY..d|    |..*|{.{|*..|#               |.........|
                      |)@...|    |...|.{.|...|#############)##..........|
                      |.....|    |...-----...|                |.........|
                      -------    |.....*.....|               #..........|
                                 |*.........*|                -----------
                                 -------------

Drastanta the Thaumaturge  St:11 Dx:12 Co:16 In:18 Wi:12 Ch:9  Chaotic
Dlvl:9  $:161 HP:0(51) Pw:3(56) AC:10 Xp:6 T:3925 

Latest messages:
 You already found a monster.  Use 'm' prefix to force another search.
 You kill the garter snake!
 The garter snake bites!
 You kill the garter snake!
 You attack thin air.
 You stop.  Your kitten is in the way!
 You swap places with your kitten.
 In what direction? 6
 The boulder falls apart.
 Click!  The jackal triggers something.
 You see here a stout spear.
 The kitten misses the ape.
 The kitten bites the ape.
 The ape hits the kitten.
 The ape misses the kitten.
 The ape misses the kitten.
 Click!  The ape triggers something.
 You miss the ape.
 The ape hits!
 The ape hits again!
 The ape bites!
 You hit the ape.
 The ape hits!
 The ape hits again!
 The ape bites!
 The kitten misses the ape.
 You hit the ape!
 The ape hits!
 The ape hits again!
 The ape bites!
 You hit the ape!
 The ape hits!
 The ape hits again!
 The ape bites!
 The ape hits!
 The ape hits again!
 The ape bites!
 The ape hits!
 The ape hits again!
 The ape bites!
 You don't have enough energy to cast that spell.
 You miss the ape.
 The ape hits!
 The ape hits again!
 The ape bites!
 The ape hits!
 The ape hits again!
 You die...
 Do you want your possessions identified? [ynq] (y) y
 Do you want to see your attributes? [ynq] (y) q

Inventory:
 Coins    ('$')
  $ - 161 gold pieces
 Weapons  (')')
  a - a blessed +1 quarterstaff (weapon in hands)
 Armor    ('[')
  y - an uncursed +0 pair of leather gloves
  R - an uncursed +0 pair of leather gloves
  w - an uncursed +0 cloak of displacement
  b - an uncursed +0 cloak of magic resistance
  K - an uncursed +0 mummy wrapping
  O - an uncursed +0 elven mithril-coat
 Comestibles  ('%')
  P - 2 uncursed eggs
 Scrolls  ('?')
  z - 2 uncursed scrolls of confuse monster
  F - 2 uncursed scrolls of food detection
  j - an uncursed scroll of gold detection
  T - an uncursed scroll of identify
  k - 2 uncursed scrolls of light
  i - 2 uncursed scrolls of remove curse
  L - an uncursed scroll of scare monster
 Spellbooks  ('+')
  G - an uncursed spellbook of blank paper
  B - an uncursed spellbook of create monster
  m - an uncursed spellbook of cure sickness
  l - a blessed spellbook of force bolt
  S - an uncursed spellbook of haste self
  Q - an uncursed spellbook of light
 Rings    ('=')
  H - a cursed ring of aggravate monster
  e - an uncursed ring of invisibility
  q - an uncursed ring of invisibility
  s - an uncursed +2 ring of protection
  d - an uncursed ring of regeneration (on left hand)
  o - an uncursed ring of shock resistance
 Wands    ('/')
  p - a wand of digging (0:6)
  A - a cursed wand of digging (0:5)
  E - a wand of probing (0:6)
  N - a wand of striking (0:4)
  c - a wand of undead turning (0:8)
 Tools    ('(')
  n - a magic marker (0:19)

Drastanta the Wizard's attributes:

Background:
 You were a Thaumaturge, a level 6 male human Wizard.
 You were chaotic, on a mission for Anhur
 who was opposed by Ptah (lawful) and Thoth (neutral).
 You were right-handed.
 You were in the Dungeons of Doom, on level 9.
 You entered the dungeon 3925 turns ago.
 You had 543 experience points, 97 more were needed to attain level 7.

Basics:
 You had 0 out of 51 hit points.
 You had 3 out of 56 energy points (spell power).
 Your armor class was 10.
 Your wallet contained 161 zorkmids.
 Autopickup was off.

Final Characteristics:
 Your strength was 11 (limit:18/100).
 Your dexterity was 12 (limit:18).
 Your constitution was 16 (limit:18).
 Your intelligence was 18 (limit:18).
 Your wisdom was 12 (limit:18).
 Your charisma was 9 (limit:18).

Final Status:
 You weren't hungry.
 You were unencumbered.
 You were wielding a quarterstaff.
 You were skilled in quarterstaff.
 You weren't wearing any armor.

Final Attributes:
 You were devoutly aligned.
 You were poison resistant.
 You were telepathic.
 You regenerated.
 You are dead.

Miscellaneous:
 You didn't encounter any bones levels.
 Total elapsed playing time was 30 minutes and 23 seconds.

Major events:
 Turn
    1: Drastanta the chaotic male human Wizard entered the dungeon
 1018: attained the rank of Conjurer (level 3)
 3317: attained the rank of Thaumaturge (level 6)
 3925: killed by an ape

Spells:
 Name                 Level Category     Fail Retention
 force bolt             1   attack         0%   81%-90%
 cure sickness          3   healing       71%  76%-100%
 light                  1   divination     0%  76%-100%

Skills:
 Fighting Skills
   bare handed combat [Unskilled]
   riding             [Unskilled]
 Weapon Skills
   dagger             [Unskilled]
   knife              [Unskilled]
   axe                [Unskilled]
   short sword        [Unskilled]
   club               [Unskilled]
   mace               [Unskilled]
   quarterstaff       [Skilled]
   polearms           [Unskilled]
   spear              [Unskilled]
   trident            [Unskilled]
   sling              [Unskilled]
   dart               [Unskilled]
   shuriken           [Unskilled]
 Spellcasting Skills
   attack spells      [Basic]
   healing spells     [Unskilled]
   divination spells  [Unskilled]
   enchantment spells [Basic]
   clerical spells    [Unskilled]
   escape spells      [Unskilled]
   matter spells      [Unskilled]

Voluntary challenges:
 Character rerolling was not enabled.
 You never genocided any monsters.
 You never polymorphed an object.
 You used no wishes.
Achievements:
 You entered a shop.
 You attained the rank of Conjurer.
 You attained the rank of Thaumaturge.

 The Dungeons of Doom: levels 1 to 10
    Level 1:
       A fountain.
    Level 2:
       An armor shop, some fountains, a sink.
    Level 3:
       An armor shop, a fountain.
    Level 4:
       A fountain, a sink.
    Level 5:
    Level 6:
       Some fountains, a grave.
    Level 7:
    Level 8:
       A vegetarian food shop, a fountain.
    Level 9: <- You were here.
       Many fountains.
       Final resting place for
          you, killed by an ape.
    Level 10:


Vanquished creatures:
  a crocodile
  a dwarf mummy
  2 ogres
  a dingo
  a dog
  a blue jelly
  a human zombie
  2 rock piercers
  a rock mole
  3 yellow lights
  a gnome leader
  a gray ooze
  a straw golem
  2 giant ants
  a floating eye
  a dwarf
  a homunculus
  a kobold leader
  2 rothes
  a rabid rat
  a giant bat
  a monkey
  a werejackal
  7 iguanas
 an acid blob
  4 coyotes
  a gas spore
  a hobbit
  a hobgoblin
  2 giant rats
  3 cave spiders
  2 garter snakes
  a gnome zombie
  3 geckos
 10 jackals
  a fox
  a kobold
  2 sewer rats
  8 grid bugs
  a bat
  4 lichens
  2 kobold zombies
  9 newts
93 creatures vanquished.

No species were genocided or became extinct.

Game over:
                       ----------
                      /          \
                     /    REST    \
                    /      IN      \
                   /     PEACE      \
                  /                  \
                  |    Drastanta     |
                  |      161 Au      |
                  | killed by an ape |
                  |                  |
                  |                  |
                  |                  |
                  |       2026       |
                 *|     *  *  *      | *
        _________)/\\_//(\/(/\)/\//\/|_)_______

Goodbye Drastanta the Wizard...

You died in The Dungeons of Doom on dungeon level 9 with 2767 points,
and 161 pieces of gold, after 3925 moves.
You were level 6 with a maximum of 51 hit points when you died.

